[Event "Titled Tuesday Blitz November 15 Early 2022"]
[White "Dixit, Nikhil"]
[Black "Atakhan, Abtin"]
[WhiteFideId "5059534"]
[BlackFideId "22502203"]
[WhiteElo "2207"]
[BlackElo "2298"]
[Result "1/2-1/2"]
[Round "03"]
[TimeControl "180+1"]
[Date "2022.11.16"]
[WhiteClock "0:00:27"]
[BlackClock "0:00:13"]

1. e4 c5 2. Nf3 d6 3. Bb5+ Nd7 4. d4 cxd4 5. Qxd4 a6 6. Bxd7+ Bxd7 7. O-O Nf6 8. Bg5 e6 9. Nc3 Bc6 10. Rad1 Be7 11. Bxf6 Bxf6 12. Qxd6 Qxd6 13. Rxd6 Bxc3 14. bxc3 Bxe4 15. Rb1 Ke7 16. Rd4 Bxf3 17. gxf3 b5 18. a4 Rab8 19. axb5 axb5 20. Rdb4 Rhc8 21. R1b3 Rc5 22. c4 bxc4 23. Rxb8 cxb3 24. cxb3 Kf6 25. b4 Rc3 26. Kg2 Rb3 27. b5 h5 28. h3 h4 29. Rb7 g5 30. Rb8 Rb1 31. Rb7 Kg6 32. Rb8 Rb3 33. Rb7 f6 34. Rb8 Kf5 35. Rb7 Kf4 36. b6 f5 37. Rc7 Rxb6 38. Rc4+ Ke5 39. Rc5+ Kf6 40. Ra5 Rd6 41. Rb5 Rd5 42. Rb4 Ke5 43. Ra4 Rd4 44. Ra6 Rc4 45. Rb6 Ra4 46. Rc6 Kd5 47. Rb6 Ra5 48. Rb4 Rc5 49. Rb1 Ke5 50. Rb4 Rd5 51. Ra4 Rd4 52. Ra6 Kd5 53. Rb6 e5 54. Rg6 Rf4 55. Rxg5 Kd4 56. Rg8 Kd3 57. Ra8 Rc4 58. Ra5 Kd4 59. Ra8 Kd3 60. Ra3+ Kd4 61. Ra5 Rc5 62. Ra4+ Rc4 63. Ra5 Rc5 64. Ra4+ Rc4 65. Ra5 1/2-1/2


[Site "https://www.chess.com"]

[Event "Titled Tuesday Blitz November 15 Early 2022"]
[White "Donchenko, Alexander"]
[Black "Mouhamad, Joachim"]
[WhiteFideId "24603295"]
[BlackFideId "656410"]
[WhiteElo "2833"]
[BlackElo "2472"]
[Result "1-0"]
[Round "03"]
[TimeControl "180+1"]
[Date "2022.11.16"]
[WhiteClock "0:00:18"]
[BlackClock "0:00:05"]

1. d4 d5 2. c4 e6 3. Nf3 a6 4. g3 dxc4 5. Bg2 Nc6 6. O-O Rb8 7. a4 Nf6 8. a5 b5 9. axb6 cxb6 10. Bf4 Bd6 11. Ne5 Na5 12. Qa4+ Kf8 13. Nxc4 Bxf4 14. Nxa5 bxa5 15. gxf4 g6 16. e3 Kg7 17. Qa3 Bb7 18. Qxa5 Bxg2 19. Qxd8 Rhxd8 20. Kxg2 Rxb2 21. Rxa6 Nd5 22. Kf3 Rdb8 23. Na3 Ra2 24. Ra7 Rbb2 25. Nb5 Rxa7 26. Nxa7 Rb6 27. Rc1 h5 28. Nc6 Nf6 29. Ne5 Rb7 30. Rc2 Ra7 31. Rb2 Rc7 32. Ra2 Rb7 33. Rc2 Ra7 34. Ke2 Rb7 35. f3 Nd5 36. Nd3 Rb3 37. e4 Nb4 38. Nxb4 Rxb4 39. Kd3 Rb3+ 40. Rc3 Rb1 41. d5 exd5 42. exd5 Kf6 43. Ke4 Re1+ 44. Kd4 Rd1+ 45. Kc5 Rh1 46. d6 Rxh2 47. Rd3 Ra2 48. d7 Rc2+ 49. Kb6 Rb2+ 50. Ka5 Ra2+ 51. Kb4 Rb2+ 52. Kc3 Rb8 53. d8=Q+ Rxd8 54. Rxd8 Kf5 55. Rd4 h4 56. Kd3 h3 57. Ke3 1-0


[Site "https://www.chess.com"]

[Event "Titled Tuesday Blitz November 15 Early 2022"]
[White "Fabris, Alberto"]
[Black "Chernov, Mikhail"]
[WhiteFideId "801348"]
[BlackFideId "24143170"]
[WhiteElo "2020"]
[BlackElo "2113"]
[Result "1-0"]
[Round "03"]
[TimeControl "180+1"]
[Date "2022.11.16"]
[WhiteClock "0:00:12"]
[BlackClock "0:00:02"]

1. d4 d5 2. Nf3 Nc6 3. c4 Bg4 4. e3 e6 5. Nc3 Bb4 6. Be2 Nf6 7. O-O Bxc3 8. bxc3 O-O 9. cxd5 exd5 10. c4 Ne4 11. Bb2 dxc4 12. Bxc4 Bxf3 13. gxf3 Nd6 14. Bd3 Qh4 15. f4 Rfe8 16. Qf3 Rad8 17. Rad1 Re6 18. Kh1 Rh6 19. Qg2 Ne7 20. d5 Nef5 21. Rg1 Rg6 22. Qf3 Qh6 23. Rxg6 hxg6 24. e4 Nh4 25. Qg3 Qh5 26. Re1 Re8 27. h3 Ndf5 28. Qg4 Nf3 29. Qxh5 gxh5 30. Rc1 Nd6 31. Kg2 Nh4+ 32. Kg3 Ng6 33. f3 h4+ 34. Kg4 Re7 35. e5 Ne8 36. Re1 Rd7 37. Be4 c6 38. d6 Kh7 39. f5 Nf8 40. Kxh4 Kg8 41. f4 f6 42. Kg4 Nh7 43. Rh1 Rd8 44. h4 Nf8 45. h5 Nh7 46. h6 gxh6 47. Rxh6 Kg7 48. Rg6+ Kf7 49. Bc2 fxe5 50. fxe5 Nf8 51. Bb3+ Ne6 52. Bxe6+ Kf8 53. Rg8# 1-0


[Site "https://www.chess.com"]

[Event "Titled Tuesday Blitz November 15 Early 2022"]
[White "Fajdetic, Hrvoje"]
[Black "Tomb, Maroun"]
[WhiteFideId "14501945"]
[BlackFideId "5300398"]
[WhiteElo "2172"]
[BlackElo "2541"]
[Result "0-1"]
[Round "03"]
[TimeControl "180+1"]
[Date "2022.11.16"]
[WhiteClock "0:00:02"]
[BlackClock "0:00:47"]

1. d4 Nf6 2. Bf4 d6 3. Nc3 Nbd7 4. Nf3 Nh5 5. Bg5 h6 6. Bh4 g5 7. Bg3 Bg7 8. e3 c5 9. Bb5 a6 10. Bxd7+ Bxd7 11. Qd2 cxd4 12. exd4 Rc8 13. O-O-O Qa5 14. Kb1 b5 15. Rde1 Nxg3 16. hxg3 Bf5 17. g4 Bg6 18. a3 b4 19. axb4 Qxb4 20. Rxe7+ Kf8 21. Re3 Rb8 22. Nd1 Qxd2 23. Nxd2 Bxd4 24. Ra3 Kg7 25. g3 Rhc8 26. Rd3 Bxd3 27. cxd3 Re8 28. Ne4 d5 29. Nd6 Re2 30. Nf5+ Kg8 31. Nxd4 Rd2 32. Nf5 Rxd3 33. Nxh6+ Kg7 34. Nf5+ Kg8 35. f4 gxf4 36. gxf4 Rb4 37. Rf1 a5 38. g5 a4 39. Ne7+ Kf8 40. Ka1 Kxe7 41. f5 a3 42. g6 axb2+ 43. Nxb2 Ra3+ 44. Kb1 Rab3 45. f6+ Ke6 46. g7 Rxb2+ 47. Ka1 Rg2 48. Rf3 Rb8 49. Re3+ Kxf6 50. Re6+ Kxe6 51. g8=Q Rbxg8 0-1


[Site "https://www.chess.com"]

[Event "Titled Tuesday Blitz November 15 Early 2022"]
[White "Fecker, Noah"]
[Black "Pultinevicius, Paulius"]
[WhiteFideId "1334263"]
[BlackFideId "12809390"]
[WhiteElo "2291"]
[BlackElo "2493"]
[Result "0-1"]
[Round "03"]
[TimeControl "180+1"]
[Date "2022.11.16"]
[WhiteClock "0:00:22"]
[BlackClock "0:00:20"]

1. e4 e5 2. Nc3 Nf6 3. Bc4 c6 4. d3 d5 5. Bb3 Bb4 6. Bd2 d4 7. Nce2 Bxd2+ 8. Qxd2 a5 9. a4 O-O 10. Ng3 Na6 11. Nf3 Re8 12. Ng5 Re7 13. O-O Nc5 14. Bxf7+ Rxf7 15. Nxf7 Kxf7 16. f4 Qe8 17. fxe5 Qxe5 18. Nf5 g6 19. Nh6+ Ke7 20. Rf3 Be6 21. Raf1 Ncd7 22. Qf2 Rf8 23. Qh4 Kd6 24. Kh1 Kc7 25. g4 g5 26. Qe1 b6 27. h3 Kb7 28. Qf2 Ka6 29. b3 c5 30. Nf5 h5 31. gxh5 Nxh5 32. Rg1 Rg8 33. Qh2 Qxh2+ 34. Kxh2 Ne5 35. Rf2 g4 36. Kh1 gxh3 37. Rxg8 Bxg8 38. Nh6 Be6 39. Kh2 b5 40. Rf8 bxa4 41. bxa4 Bd7 42. Nf7 Nf3+ 43. Kh1 Ng3# 0-1


[Site "https://www.chess.com"]

[Event "Titled Tuesday Blitz November 15 Early 2022"]
[White "Fedoseev, Vladimir"]
[Black "Samunenkov, Ihor"]
[WhiteFideId "24130737"]
[BlackFideId "14187086"]
[WhiteElo "2726"]
[BlackElo "2441"]
[Result "0-1"]
[Round "03"]
[TimeControl "180+1"]
[Date "2022.11.15"]
[WhiteClock "0:00:11"]
[BlackClock "0:00:01"]

1. e4 c6 2. d4 d5 3. exd5 cxd5 4. Bd3 Nc6 5. c3 Nf6 6. Bf4 Bg4 7. Qb3 Qd7 8. Nd2 e6 9. h3 Bh5 10. Ngf3 Bd6 11. Bxd6 Qxd6 12. Qxb7 Rb8 13. Qa6 O-O 14. b4 Rb6 15. Qa4 Bxf3 16. Nxf3 e5 17. b5 e4 18. bxc6 exf3 19. g3 Rxc6 20. Kd2 Rfc8 21. Rac1 Ne4+ 22. Bxe4 dxe4 23. Rhe1 f5 24. Re3 h6 25. g4 Qh2 26. Rf1 Qg2 27. Qb5 a6 28. Qb3+ Kh7 29. Qb1 g6 30. d5 Rc5 31. d6 Kh8 32. Kc2 Rd8 33. Qd1 Rcc8 34. Ree1 Rc6 35. Qd4+ Kh7 36. gxf5 gxf5 0-1


[Site "https://www.chess.com"]

[Event "Titled Tuesday Blitz November 15 Early 2022"]
[White "Fernandez Garcia, Gumersindo"]
[Black "Deev, Andrei"]
[WhiteFideId "24516740"]
[BlackFideId "4102690"]
[WhiteElo "2140"]
[BlackElo "2283"]
[Result "1-0"]
[Round "03"]
[TimeControl "180+1"]
[Date "2022.11.16"]
[WhiteClock "0:00:19"]
[BlackClock "0:00:09"]

1. e4 d6 2. d4 Nf6 3. Nc3 c6 4. f4 Qa5 5. Nf3 Nxe4 6. Bd3 Bf5 7. O-O Nxc3 8. bxc3 Bxd3 9. Qxd3 e6 10. Bd2 g6 11. Rab1 b6 12. c4 Qf5 13. Qe2 Bg7 14. Nh4 Qxc2 15. f5 Bxd4+ 16. Kh1 e5 17. Rbc1 Qxa2 18. fxg6 hxg6 19. Qg4 Nd7 20. Rxf7 O-O-O 21. Nxg6 Qxd2 22. Rcf1 Rhe8 23. Ne7+ Kc7 24. Qf3 e4 25. Qxe4 Rxe7 26. Rxe7 Be5 27. Qf3 Qh6 28. h3 Qe6 29. Rxe6 Nc5 30. Re7+ Kb8 31. Qf7 Bg3 32. Rxa7 d5 33. cxd5 cxd5 34. Rb1 Nd7 35. Rxd7 Rxd7 36. Qxd7 1-0


[Site "https://www.chess.com"]

[Event "Titled Tuesday Blitz November 15 Early 2022"]
[White "Fiedorek, Michal"]
[Black "Dias, Joao Batista"]
[WhiteFideId "1199528"]
[BlackFideId "2108240"]
[WhiteElo "2201"]
[BlackElo "1898"]
[Result "0-1"]
[Round "03"]
[TimeControl "180+1"]
[Date "2022.11.16"]
[WhiteClock "0:00:09"]
[BlackClock "0:00:22"]

1. d4 d5 2. Bf4 Nf6 3. e3 e6 4. Nd2 Bd6 5. Bg3 O-O 6. Bd3 b6 7. Ngf3 c5 8. c3 Nc6 9. e4 dxe4 10. Nxe4 Nxe4 11. Bxe4 Bb7 12. dxc5 Bxc5 13. Qc2 f5 14. Bd3 Rc8 15. O-O Qf6 16. Rfe1 Kh8 17. Qe2 Rce8 18. Ne5 Nxe5 19. Bxe5 Qf7 20. b4 Qg6 21. Qf1 Be7 22. a4 Bf6 23. a5 Bxe5 24. Rxe5 Rd8 25. Bc4 Rd6 26. axb6 axb6 27. Ree1 h5 28. f3 h4 29. Rad1 Rfd8 30. Rxd6 Rxd6 31. Qe2 h3 32. g3 Bc8 33. Rd1 e5 34. Kf2 Qf6 35. f4 e4 36. Qh5+ Qh6 37. Qxh6+ Rxh6 38. Rd8+ Kh7 39. Rxc8 Rd6 40. Rc6 Rxc6 0-1


[Site "https://www.chess.com"]

[Event "Titled Tuesday Blitz November 15 Early 2022"]
[White "Firouzja, Alireza"]
[Black "Corrales Jimenez, Fidel"]
[WhiteFideId "12573981"]
[BlackFideId "3506690"]
[WhiteElo "2903"]
[BlackElo "2541"]
[Result "1-0"]
[Round "03"]
[TimeControl "180+1"]
[Date "2022.11.15"]
[WhiteClock "0:01:18"]
[BlackClock "0:00:09"]

1. d4 Nf6 2. Bg5 g6 3. Nc3 d5 4. Qd2 Bg7 5. Bh6 Bxh6 6. Qxh6 Qd6 7. Nf3 c5 8. O-O-O Nc6 9. Nb5 Qb8 10. dxc5 Bg4 11. Nc3 Bxf3 12. exf3 d4 13. Nb5 Qe5 14. f4 Qxc5 15. Nc7+ Kd7 16. Nxa8 Rxa8 17. Qh3+ e6 18. Qb3 Rc8 19. Qxb7+ Rc7 20. Qb5 Qd6 21. Bd3 Nd5 22. g3 Ke7 23. Be4 Ncb4 24. Bxd5 Rxc2+ 25. Kb1 Rc5 26. Qxb4 Rc1+ 27. Rxc1 Qxb4 28. Bb3 Qd2 29. Rc2 Qd3 30. Rc1 a5 31. Ka1 h5 32. Bc4 Qe4 33. h4 Kf6 34. Rd2 Qf3 35. Bb3 Kf5 36. Bc2+ Kf6 37. Re1 Qc6 38. Bb1 a4 39. a3 Qf3 40. Be4 Qb3 41. Rxd4 Qb5 42. Bb1 Qa5 43. Red1 Qb6 44. R1d2 Qa7 45. Rb4 Qc5 46. Rxa4 Qc1 47. Rad4 Kg7 48. Rd7 Kf6 49. Rc2 Qf1 50. Rcc7 1-0


[Site "https://www.chess.com"]

[Event "Titled Tuesday Blitz November 15 Early 2022"]
[White "Gabdrakhmanov, Azat"]
[Black "Hoffmann, Asa"]
[WhiteFideId "34189197"]
[BlackFideId "2001470"]
[WhiteElo "2254"]
[BlackElo "2117"]
[Result "0-1"]
[Round "03"]
[TimeControl "180+1"]
[Date "2022.11.16"]
[WhiteClock "0:00:06"]
[BlackClock "0:00:20"]

1. e4 d6 2. d4 Nf6 3. Nc3 c6 4. f4 Qa5 5. Bd3 e5 6. dxe5 dxe5 7. Nf3 Bg4 8. h3 Bxf3 9. Qxf3 Nbd7 10. O-O Bd6 11. f5 h5 12. Ne2 O-O-O 13. Bg5 Qb6+ 14. Kh1 Qxb2 15. a4 Qb6 16. a5 Qc7 17. a6 b6 18. Bc4 Rhf8 19. Nc3 Bb4 20. Ne2 Qd6 21. c3 Bc5 22. Rfd1 Qe7 23. Nc1 Nb8 24. Nd3 Rd7 25. Rdb1 Rfd8 26. Nb4 Kc7 27. Rc1 Bxb4 28. cxb4 Rd4 29. Bd5 Kd7 30. Qc3 Ke8 31. Bxc6+ Nxc6 32. Qxc6+ Kf8 33. Bxf6 gxf6 34. Qb7 R8d7 35. Rc8+ Kg7 36. Qa8 Rd8 37. Rxd8 Rxd8 38. Qb7 Rd7 39. Qc6 Rc7 40. Qb5 Qd7 41. Qe2 Qd4 42. Rd1 Qxb4 43. Qf3 Rc3 44. Qe2 Qc4 45. Qe1 Rd3 46. Rc1 Qd4 47. Kh2 Re3 48. Qh4 Qxe4 49. Qxh5 Qf4+ 50. Kh1 Rxh3+ 51. Qxh3 Qxc1+ 52. Kh2 Qf4+ 53. Kh1 e4 54. g4 e3 55. g5 Qxg5 56. Qf3 Kh6 57. Kh2 Qh5+ 58. Qxh5+ Kxh5 0-1


[Site "https://www.chess.com"]

[Event "Titled Tuesday Blitz November 15 Early 2022"]
[White "Galchenko, Matvey"]
[Black "Ronka, Erik"]
[WhiteFideId "24175480"]
[BlackFideId "505080"]
[WhiteElo "2403"]
[BlackElo "2264"]
[Result "1-0"]
[Round "03"]
[TimeControl "180+1"]
[Date "2022.11.16"]
[WhiteClock "0:01:06"]
[BlackClock "0:01:10"]

1. Nf3 d5 2. c4 e6 3. e3 Nf6 4. Nc3 c6 5. b3 Nbd7 6. Bb2 Bd6 7. Qc2 O-O 8. Be2 b6 9. Rg1 Bb7 10. g4 e5 11. g5 Ne8 12. h4 Rc8 13. h5 Qe7 14. a3 Nc7 15. Nh4 g6 16. hxg6 fxg6 17. Nxg6 Qf7 18. Nxf8 Rxf8 19. O-O-O e4 20. g6 hxg6 21. f4 c5 22. cxd5 Nxd5 23. Nxe4 Be7 24. Rh1 N7f6 25. Ng5 1-0


[Site "https://www.chess.com"]

[Event "Titled Tuesday Blitz November 15 Early 2022"]
[White "Gerbelli Neto, Eduardo"]
[Black "Raahul V S"]
[WhiteFideId "2103281"]
[BlackFideId "25035525"]
[WhiteElo "2178"]
[BlackElo "2233"]
[Result "0-1"]
[Round "03"]
[TimeControl "180+1"]
[Date "2022.11.16"]
[WhiteClock "0:00:06"]
[BlackClock "0:00:08"]

1. e4 e5 2. Nf3 Nc6 3. d4 exd4 4. Nxd4 Nf6 5. Nc3 Bb4 6. Nxc6 bxc6 7. Bd3 O-O 8. O-O d5 9. exd5 cxd5 10. Bg5 c6 11. Qf3 Bd6 12. Rfe1 Rb8 13. b3 Rb4 14. h3 h6 15. Bd2 Rh4 16. Bf5 Qc7 17. Bxc8 Rxc8 18. Ne2 Ne4 19. Rad1 Bh2+ 20. Kf1 Bd6 21. Be3 Bb4 22. Nd4 g6 23. Re2 Nc3 24. Rd3 Nxe2 25. Qxe2 Re4 26. Qf3 Rce8 27. g3 c5 28. Bf4 Rxf4 29. gxf4 cxd4 30. Qxd5 Qxf4 31. Qxd4 Qc1+ 32. Kg2 Qg5+ 33. Rg3 Qb5 34. Qd3 Qxd3 35. Rxd3 Re2 36. Kf3 Rxc2 37. a4 Rc3 38. Ke4 Rxd3 39. Kxd3 a5 40. Kc4 Kg7 0-1


[Site "https://www.chess.com"]

[Event "Titled Tuesday Blitz November 15 Early 2022"]
[White "Ghosh, Chanchal Kumer"]
[Black "Krallis, Christos"]
[WhiteFideId "10201858"]
[BlackFideId "4298896"]
[WhiteElo "2058"]
[BlackElo "2243"]
[Result "0-1"]
[Round "03"]
[TimeControl "180+1"]
[Date "2022.11.16"]
[WhiteClock "0:00:12"]
[BlackClock "0:00:21"]

1. e4 c5 2. Nf3 g6 3. d4 cxd4 4. Nxd4 Bg7 5. f4 Nc6 6. Nxc6 bxc6 7. Nc3 d6 8. Be3 Nf6 9. Be2 O-O 10. O-O Qa5 11. Bf3 Rb8 12. Rb1 Nd7 13. Bd4 e5 14. fxe5 Nxe5 15. h3 Ba6 16. Re1 Bc4 17. a3 Be6 18. Rf1 h5 19. Bxh5 gxh5 20. Qxh5 Nc4 21. e5 dxe5 22. Bf2 Nd2 23. Qg5 Nxb1 24. Rxb1 Qd8 25. Qg3 Qf6 26. Ne4 Qg6 27. Qe3 Bd5 28. Ng3 f5 29. Re1 f4 30. Qd3 Qxd3 31. cxd3 fxg3 32. Bxg3 Rxb2 33. Bxe5 Rxg2+ 34. Kh1 Re2+ 0-1


[Site "https://www.chess.com"]

[Event "Titled Tuesday Blitz November 15 Early 2022"]
[White "Godzwon, Iwo"]
[Black "Forgacs, Attila Jr."]
[WhiteFideId "21802483"]
[BlackFideId "773654"]
[WhiteElo "2284"]
[BlackElo "2168"]
[Result "1-0"]
[Round "03"]
[TimeControl "180+1"]
[Date "2022.11.16"]
[WhiteClock "0:01:10"]
[BlackClock "0:01:11"]

1. e4 e5 2. Nf3 Nc6 3. Bb5 a6 4. Ba4 Nf6 5. O-O Be7 6. Re1 b5 7. Bb3 O-O 8. a3 d6 9. Nc3 Bg4 10. h3 Bh5 11. g4 Nxg4 12. hxg4 Bxg4 13. Bd5 Nd4 14. Nxd4 Bxd1 15. Nc6 Qd7 16. Nxd1 Qg4+ 17. Kf1 Qh3+ 18. Ke2 Bh4 19. Ne3 Kh8 20. d3 g6 21. Bd2 f5 22. Rh1 Qg2 23. Nxg2 1-0


[Site "https://www.chess.com"]

[Event "Titled Tuesday Blitz November 15 Early 2022"]
[White "Gokerkan, Cem Kaan"]
[Black "Ince, Taylan Ruzgar"]
[WhiteFideId "6336760"]
[BlackFideId "44513089"]
[WhiteElo "2859"]
[BlackElo "2604"]
[Result "0-1"]
[Round "03"]
[TimeControl "180+1"]
[Date "2022.11.16"]
[WhiteClock "0:00:03"]
[BlackClock "0:00:27"]

1. e4 e6 2. d4 d5 3. Nd2 Nc6 4. Ngf3 Nf6 5. e5 Nd7 6. Bb5 Be7 7. O-O a6 8. Be2 f6 9. exf6 Bxf6 10. Re1 O-O 11. Nf1 e5 12. dxe5 Ndxe5 13. c3 Ng6 14. Ng3 Nce7 15. Be3 Qd6 16. Rc1 c5 17. b4 b6 18. bxc5 bxc5 19. Ne4 Qc6 20. Nxc5 Nf5 21. Bd4 Nf4 22. Nd3 Nxe2+ 23. Qxe2 Nxd4 24. cxd4 Qb5 25. Nde5 Qxe2 26. Rxe2 Bf5 27. Rb2 Rfc8 28. Rxc8+ Rxc8 29. h3 Bd8 30. Rb7 h6 31. Ra7 a5 32. Rb7 a4 33. Rb5 a3 34. Rxd5 Be6 35. Rb5 Bxa2 36. d5 Bc4 37. Rb7 a2 38. Ra7 Bxd5 39. Nd3 Bf6 40. Nb4 Bxf3 41. Rxa2 Rc1+ 42. Kh2 Be5+ 0-1


[Site "https://www.chess.com"]

[Event "Titled Tuesday Blitz November 15 Early 2022"]
[White "Goltsev, Dmitry"]
[Black "Santos Flores, Alberto"]
[WhiteFideId "24176710"]
[BlackFideId "3601234"]
[WhiteElo "2289"]
[BlackElo "2235"]
[Result "1/2-1/2"]
[Round "03"]
[TimeControl "180+1"]
[Date "2022.11.16"]
[WhiteClock "0:01:31"]
[BlackClock "0:00:32"]

1. e4 c5 2. Nf3 Nc6 3. d4 cxd4 4. Nxd4 g6 5. Nc3 Bg7 6. Be3 Nf6 7. Be2 O-O 8. O-O d6 9. f4 Nxd4 10. Bxd4 Qa5 11. Bf3 Be6 12. Qd2 Rfd8 13. Rad1 Rac8 14. Rfe1 b5 15. a3 b4 16. axb4 Qxb4 17. b3 a5 18. Na4 Qxd2 19. Rxd2 Nd7 20. Bxg7 Kxg7 21. Red1 Nc5 22. Nxc5 Rxc5 23. e5 Rdc8 24. exd6 exd6 25. c4 a4 26. bxa4 Rxc4 27. a5 Ra4 28. a6 d5 29. Be2 Ra8 30. Rd4 Ra2 31. Bf1 Bc8 32. R1d2 Rxd2 33. Rxd2 Bxa6 34. Rxd5 Bxf1 35. Kxf1 Ra2 36. Rd7 h5 37. h3 Kf6 38. Rb7 Ke6 39. Kg1 Kf6 40. Kh2 Ra3 41. g4 hxg4 42. hxg4 Kg7 43. Kg2 Rc3 44. Kf2 Ra3 45. Rc7 Kf6 46. Ke2 Rb3 47. Rd7 Ra3 48. Rd3 Ra1 49. Ke3 Re1+ 50. Kf3 Ra1 51. Ke4 Rg1 52. g5+ Kg7 53. Re3 Ra1 54. Rd3 Ra4+ 55. Rd4 Ra5 56. Rd5 Ra4+ 57. Ke5 Ra1 58. Rd4 Ra5+ 59. Kd6 Ra1 60. Re4 Ra6+ 61. Kc7 Ra7+ 62. Kb6 Ra1 63. Kc6 Ra6+ 64. Kb5 Ra1 65. Re5 Rf1 66. Re4 Ra1 67. Kc5 Rb1 68. Rb4 Ra1 69. Kd5 Re1 70. Re4 Ra1 71. Re5 Ra5+ 72. Ke4 Ra4+ 73. Kf3 Ra3+ 74. Kg4 Ra1 75. Re3 Rg1+ 76. Rg3 Ra1 77. Rf3 Ra4 78. Kg3 Rb4 79. f5 gxf5 80. Rxf5 Kg6 81. Ra5 Rc4 82. Kf3 Rb4 83. Kg3 Rc4 84. Rb5 Ra4 85. Rc5 Rb4 86. Kf3 Ra4 87. Rb5 Rc4 88. Kg3 Ra4 89. Kh3 Rc4 90. Ra5 Rb4 91. Kg3 1/2-1/2


[Site "https://www.chess.com"]

[Event "Titled Tuesday Blitz November 15 Early 2022"]
[White "Goltseva, Ekaterina"]
[Black "Copeland, Samuel"]
[WhiteFideId "24173770"]
[BlackFideId "2007347"]
[WhiteElo "2200"]
[BlackElo "2323"]
[Result "1-0"]
[Round "03"]
[TimeControl "180+1"]
[Date "2022.11.16"]
[WhiteClock "0:00:06"]
[BlackClock "0:00:03"]

1. Nf3 f5 2. d4 Nf6 3. g3 g6 4. Bg2 Bg7 5. O-O O-O 6. b3 d6 7. Bb2 a5 8. c4 Qe8 9. Nc3 Bd7 10. Re1 a4 11. bxa4 Bxa4 12. Qc1 Bc6 13. d5 Bd7 14. e4 fxe4 15. Nxe4 Na6 16. Nfg5 Nxe4 17. Nxe4 Qf7 18. f4 Bxb2 19. Qxb2 b6 20. Qe2 Rae8 21. Ng5 Qg7 22. Ne6 Bxe6 23. dxe6 Nc5 24. Bc6 Rb8 25. a4 Qd4+ 26. Kh1 Kg7 27. Rad1 Qc3 28. Rc1 Qd4 29. Red1 Qf6 30. Re1 Qd4 31. Qe3 Qxe3 32. Rxe3 Rf6 33. Rce1 h6 34. Kg2 Rbf8 35. h4 g5 36. hxg5 hxg5 37. fxg5 Rf2+ 38. Kg1 Rc2 39. Bd5 Rff2 40. Rf1 Rxf1+ 41. Kxf1 Nxa4 42. Rf3 Nc5 43. Rf7+ Kg6 44. Rxe7 Kxg5 45. Rxc7 Nd3 46. e7 Rf2+ 47. Kg1 Re2 48. Bf7 Nc5 49. e8=Q 1-0


[Site "https://www.chess.com"]

[Event "Titled Tuesday Blitz November 15 Early 2022"]
[White "Gorodetzky, David"]
[Black "Rohith Krishna S"]
[WhiteFideId "2813416"]
[BlackFideId "46617051"]
[WhiteElo "2921"]
[BlackElo "2711"]
[Result "1/2-1/2"]
[Round "03"]
[TimeControl "180+1"]
[Date "2022.11.16"]
[WhiteClock "0:00:13"]
[BlackClock "0:00:22"]

1. d4 Nf6 2. Nf3 g6 3. g3 Bg7 4. Bg2 O-O 5. O-O d5 6. a4 a5 7. b3 Bf5 8. Ba3 Re8 9. e3 Nbd7 10. c4 e6 11. Nc3 Ne4 12. Rc1 Nxc3 13. Rxc3 Be4 14. Qd2 c6 15. Rd1 e5 16. cxd5 Bxd5 17. dxe5 Nxe5 18. Nxe5 Bxg2 19. Rd3 Bd5 20. e4 Rxe5 21. exd5 Rxd5 22. Rxd5 Qxd5 23. Qxd5 cxd5 24. Rxd5 Bf8 25. Bc1 Rc8 26. Be3 Bb4 27. Rd7 Rb8 28. Bf4 Re8 29. Rxb7 Re1+ 30. Kg2 Rb1 31. Bh6 f5 32. Rg7+ Kh8 33. Ra7 Kg8 34. Rg7+ Kh8 35. Rd7 Kg8 36. Rd3 Kf7 37. h4 Ke6 38. Bf4 Rb2 39. Kf3 Bc5 40. Be3 Bb4 41. h5 Rc2 42. hxg6 hxg6 43. Kf4 Bd6+ 44. Kg5 Bb4 45. Kxg6 Be1 46. Rd8 Bxf2 47. Bf4 Rc3 48. Re8+ Kd7 49. Re5 Bxg3 50. Bxg3 Rxg3+ 51. Kxf5 Rxb3 52. Rxa5 Kc6 53. Ke5 Kb6 54. Ra8 Kb7 55. Ra5 Kb6 56. Ra8 Kb7 57. Rd8 Rb4 58. Rd4 Rxd4 59. Kxd4 Ka6 60. Kc4 Ka5 61. Kb3 Ka6 62. Kb4 Kb6 63. a5+ Ka6 64. Ka4 Ka7 65. Kb5 Kb7 66. a6+ Ka7 67. Ka5 Ka8 68. Kb6 Kb8 69. a7+ Ka8 70. Ka6 1/2-1/2


[Site "https://www.chess.com"]

[Event "Titled Tuesday Blitz November 15 Early 2022"]
[White "Grandelius, Nils"]
[Black "Di Nicolantonio, Lucas"]
[WhiteFideId "1710400"]
[BlackFideId "680460"]
[WhiteElo "2861"]
[BlackElo "2627"]
[Result "1-0"]
[Round "03"]
[TimeControl "180+1"]
[Date "2022.11.16"]
[WhiteClock "0:00:28"]
[BlackClock "0:00:05"]

1. c4 g6 2. g3 Bg7 3. Bg2 d6 4. Nc3 f5 5. d3 Nf6 6. e4 Nc6 7. Nge2 O-O 8. O-O e5 9. Nd5 h6 10. exf5 Bxf5 11. h3 Qd7 12. g4 Be6 13. Ng3 Nd4 14. Be3 Nxd5 15. cxd5 Bf7 16. Qd2 Kh7 17. Rac1 Rac8 18. Bxd4 exd4 19. Qb4 c5 20. dxc6 bxc6 21. Ne4 c5 22. Qa5 Bd5 23. b3 Ba8 24. Rce1 Rf4 25. Qa6 Be5 26. Nxc5 Rxc5 27. Bxa8 Rxg4+ 28. hxg4 Qxg4+ 29. Bg2 h5 30. Qxa7+ Kh6 31. Re4 Qf5 32. Qe7 Bf6 33. Qf8+ Kh7 1-0


[Site "https://www.chess.com"]

[Event "Titled Tuesday Blitz November 15 Early 2022"]
[White "Grigorov, Grigor"]
[Black "Petrova, Irina"]
[WhiteFideId "2907313"]
[BlackFideId "14124122"]
[WhiteElo "2510"]
[BlackElo "2023"]
[Result "1-0"]
[Round "03"]
[TimeControl "180+1"]
[Date "2022.11.16"]
[WhiteClock "0:02:00"]
[BlackClock "0:01:04"]

1. d4 d6 2. e4 Nf6 3. Bd3 e5 4. c3 d5 5. dxe5 Nxe4 6. Nf3 Nc6 7. O-O Nc5 8. Bb5 Bg4 9. Nbd2 Be7 10. Re1 O-O 11. h3 Bh5 12. Nf1 Ne6 13. Ng3 Bg6 14. Bd3 Nc5 15. Bxg6 hxg6 16. Nd4 Nxd4 17. cxd4 Ne6 18. f4 Bh4 19. Kh2 c6 20. Be3 g5 21. f5 Nf4 22. Qg4 Bxg3+ 23. Qxg3 f6 24. Bxf4 gxf4 25. Qxf4 fxe5 26. dxe5 Qb6 27. Re2 Rae8 28. Rae1 Qc7 29. g4 c5 30. Kg3 d4 31. e6 Qc6 32. g5 Qd5 33. f6 gxf6 34. gxf6 Kh8 35. Qh6+ Kg8 36. Qg7# 1-0


[Site "https://www.chess.com"]

[Event "Titled Tuesday Blitz November 15 Early 2022"]
[White "Gu, Xiaobing"]
[Black "Mendonca, Mateus Nakajo"]
[WhiteFideId "8602611"]
[BlackFideId "2110954"]
[WhiteElo "2174"]
[BlackElo "2310"]
[Result "0-1"]
[Round "03"]
[TimeControl "180+1"]
[Date "2022.11.16"]
[WhiteClock "0:00:53"]
[BlackClock "0:02:20"]

1. e4 c5 2. Nf3 e6 3. g3 Nc6 4. Bg2 e5 5. O-O d6 6. Qe2 g6 7. d3 Bg7 8. c3 Nge7 9. Na3 O-O 10. Nc4 b5 11. Ne3 Rb8 12. Nd5 Nxd5 13. exd5 Ne7 14. Nd2 Bb7 15. c4 bxc4 16. dxc4 a5 17. Ne4 Nf5 18. Be3 Ba6 19. Rac1 Qb6 20. b3 Rfc8 21. Bg5 Nd4 22. Qe3 a4 23. Bh6 Nf5 0-1


[Site "https://www.chess.com"]

[Event "Titled Tuesday Blitz November 15 Early 2022"]
[White "Guliev, Logman"]
[Black "Perez Gormaz, Matias"]
[WhiteFideId "13400061"]
[BlackFideId "3406342"]
[WhiteElo "2161"]
[BlackElo "2341"]
[Result "0-1"]
[Round "03"]
[TimeControl "180+1"]
[Date "2022.11.16"]
[WhiteClock "0:00:06"]
[BlackClock "0:00:18"]

1. e4 c5 2. Nf3 e6 3. d4 cxd4 4. Nxd4 a6 5. Bd3 Bc5 6. Nb3 Ba7 7. Qe2 Nc6 8. Nc3 Nge7 9. Be3 Bxe3 10. Qxe3 O-O 11. f4 d5 12. exd5 exd5 13. O-O-O d4 14. Nxd4 Nxd4 15. Be4 Ndf5 16. Qc5 Qe8 17. g4 Nh6 18. g5 Nhf5 19. Rhe1 Be6 20. Bxb7 Rb8 21. Bxa6 Ng6 22. a4 Nxf4 23. Qf2 Ng6 24. Bd3 Qc8 25. Nb5 Nge7 26. h4 Rd8 27. h5 Nd5 28. g6 Nb4 29. gxf7+ Kxf7 30. Bxf5 Bxf5 31. c3 Na2# 0-1


[Site "https://www.chess.com"]